 Dungeon Crawl Stone Soup version 0.31-a0-1540-g5a0b83f448 (webtiles) character file.

Game seed: 16999790555654675721

36 bmb222 the Ruffian (level 3, 0/24 HPs)
             Began as an Octopode Shapeshifter on Jan 1, 2024.
             Slain by Terence
             ... wielding a +0 flail
              (8 damage)
             ... on level 2 of the Dungeon.
             The game lasted 00:01:01 (1355 turns).

bmb222 the Ruffian (Octopode Shapeshifter)          Turns: 1355, Time: 00:01:02

Health: 0/24       AC:  1    Str: 15    XL:     3   Next: 37%
Magic:  3/3        EV: 13    Int: 12    God:
Gold:   27         SH:  0    Dex: 11    Spells: 2/2 levels left

rFire   . .          .
                       - Unarmed
rCold   . . .        (no shield)
rNeg    . . .        (helmet currently unavailable)
rPois   +            (no amulet)
rElec   .            d - ring of poison resistance
rCorr   .            (no ring)
SInv    .            (no ring)
Will    .....        (no ring)
Stlth   ++           (no ring)
HPRegen 0.24/turn    (no ring)
MPRegen 0.08/turn    (no ring)
                     (no ring)

%: no passive effects
@: beast-form
A: beast (slay +1), almost no armour, amphibious, 8 rings, camouflage 1,
gelatinous body 1, (nimble swimmer 1), tentacles
a: Begin Untransformation


You were on level 2 of the Dungeon.
You were a hulking beast.
You visited 1 branch of the dungeon, and saw 2 of its levels.

You collected 27 gold pieces.

Inventory:

Jewellery
 d - a ring of poison resistance (left tentacle)
Talismans
 b - a beast talisman
 c - a flux talisman
Scrolls
 e - a scroll of brand weapon {unknown}
 f - 3 scrolls of identify {unknown}
 h - a scroll of revelation {unknown}
 i - a scroll of amnesia {unknown}
Potions
 a - 2 potions of lignification
 g - 2 potions of curing {unknown}


   Skills:
 + Level 1.7 Fighting
 + Level 2.4 Dodging
 + Level 1.1 Stealth
 + Level 3.3 Unarmed Combat
 + Level 3.2 Shapeshifting


You had 2 spell levels left.
You didn't know any spells.
Your spell library contained the following spells:

 Spells                   Type           Power      Damage    Failure   Level
 Summon Small Mammal      Summ           0%         N/A       32%         1


Dungeon Overview and Level Annotations

Branches:
Dungeon (2/15)

Altars:
Xom

Annotations:
D:2 Terence


Innate Abilities, Weirdness & Mutations

You are a hulking beast.
Your limbs bulge with bestial killing power. (Slay +1)
You cannot wear most types of armour.
You are amphibious.
You can wear up to eight rings at the same time.
Your skin changes colour to match your surroundings (Stealth+).
Your rubbery body absorbs attacks. (AC +1, EV +1)
((You are camouflaged when in or above water. (Stealth+)))
You have tentacles for arms and can constrict up to eight enemies at once.


Message History

Found a war axe.
No target in view!
g - 2 cyan potions (gained 1)
A frilled lizard comes into view.
A frilled lizard is nearby!
An adder comes into view.
The adder moves out of view.
A frilled lizard is nearby!
A frilled lizard is nearby!
A frilled lizard is nearby!
The helpless frilled lizard fails to defend itself.
You bludgeon the frilled lizard!
You kill the frilled lizard!
Found a stone staircase leading down.
Key pressed, stopping explore.
No target in view!
Terence the Incautious comes into view.
He is wielding a +0 flail.
Terence is nearby!
Terence is nearby!
The helpless Terence fails to defend himself.
You tentacle-slap Terence but do no damage.
Your grab misses Terence. Terence closely misses you.
You closely miss Terence. You grab Terence. You constrict Terence.
Terence hits you with a +0 flail!
You tentacle-slap Terence. x2
Terence is moderately wounded.
You constrict Terence. Terence hits you with a +0 flail.
You are too injured to fight recklessly!
You are too injured to fight recklessly!
You are too injured to fight recklessly!
You are too injured to fight recklessly!
You tentacle-slap Terence.
Terence is heavily wounded.
You constrict Terence. Terence barely misses you.
You tentacle-slap Terence. Your squeeze misses Terence.
Terence is severely wounded.
You constrict Terence, but do no damage.
Terence hits you with a +0 flail!
You die...
Terence says, "That felt goooood."

#.........#...
#.####.##.#..#
.......#.#..#
#.###..#....#
######.###........
#...##............
+............##.##
##...########.##.##
#.h.......# #.#....
#@#######.# #.. ...
#. #...... #.
#...... .. ......
#. ...... #. .....
#. #... #...


You could see Terence.

Vanquished Creatures
  3 dart slugs
  3 endoplasms
  2 giant cockroaches (D:1)
  3 goblins
  2 hobgoblins
  3 kobolds
  3 quokkas
  A ball python (D:1)
  3 bats
  2 frilled lizards
  3 rats
28 creatures vanquished.

Notes
Turn   | Place    | Note
-------+----------+-------------------------------------------
     0 | D:1      | bmb222 the Octopode Shapeshifter began the quest for the
                  | Orb.
     0 | D:1      | Reached XP level 1. HP: 13/13 MP: 1/1
   110 | D:1      | Found a faded altar of an unknown god.
   121 | D:1      | Got Plato's Secrets of Invitation
   165 | D:1      | Reached XP level 2. HP: 18/18 MP: 2/2
   930 | D:2      | Reached XP level 3. HP: 23/23 MP: 3/3
   935 | D:2      | Found a shimmering altar of Xom.
   962 | D:2      | Reached skill level 1 in Stealth
  1344 | D:2      | Noticed Terence
  1355 | D:2      | Slain by Terence

Illustrated notes

Levels and vault maps discovered:
D:1:      sevenhm_arrival_forest_fort_small_4, layout_basic,
          shapermc_ecumenical_altar_rom_forum, serial_forest,
          infiniplex_forest_clump_tiny, infiniplex_forest_corner_1,
          infiniplex_forest_clump_medium, infiniplex_forest_lined_2,
          infiniplex_forest_lined_corner, infiniplex_forest_end_1,
          infiniplex_forest_clump_curved
D:2:      layout_basic, basic_altar, uniq_terence, uniq_robin

Skill      XL: |  1  2  3 |
---------------+----------+-----
Stealth        | 1 |  1.1
Fighting       | |  1.7
Dodging        | |  2.4
Unarmed Combat | |  3.3
Shapeshifting  | |  3.2

Action                     || total
---------------------------++-------
  Melee: Unarmed           ||    57
         Constrict         ||    15
         Tentacles         ||     8
         Punch             ||     2
   Stab: Sleeping          ||    10
 Armour: Skin              ||    17
  Dodge: Dodged            ||    39

Table legend: (Time is in decaauts)
 A = Elapsed time spent in this place.
 B = Non-inter-level travel time spent in this place.
 C = Inter-level travel time spent in this place.
 D = Time resting spent in this place.
 E = Time spent auto-exploring this place.
 F = Levels seen in this place.
 G = Mean time per level.
                   A        B        C        D        E       F      G
               +--------+--------+--------+--------+--------+-----+--------+
         Total |   1350 |   1311 |     39 |      0 |   1097 |   2 |  675.0 |
       Dungeon |   1350 |   1311 |     39 |      0 |   1097 |   2 |  675.0 |
               +--------+--------+--------+--------+--------+-----+--------+

Top non-repeatable levels by time:
     D:1: 902 daAuts
     D:2: 448 daAuts
